AoeStats
← Jotakargo

Arena

509987773Analyzed
1v1 RM · 3d ago on Sep 28, 2026· 80m 47s· 2 players
Game mode
Random Map
Map size
Tiny (2 player)
Population
200
Speed
Normal
Resources
Standard
Victory
Conquest
Starting age
Dark Age
Ending age
Imperial Age
RankedLock teamsTeams togetherTeam positionsShared explorationLock speedFull tech treeHidden civsTurbo modeCheats
Victory
Defeat
🇨🇴 Magyars · Colombia
318
+13
🇰🇿 Teutons · Kazakhstan
246
-13
Sonic Melens
0:39 Loom
11:14 Feudal Age
12:38 Horse Collar
13:06 Double-Bit Axe
14:20 Wheelbarrow
18:38 Stone Mining
18:38 Gold Mining
24:34 Castle Age
25:32 Heavy Plow
25:47 Bow Saw
25:55 Hand Cart
25:55 Pikeman
29:10 Padded Archer Armor
29:01 Fletching
29:22 Forging
29:12 Scale Mail Armor
29:18 Scale Barding Armor
31:57 Stone Shaft Mining
35:40 Guard Tower
36:12 Ballistics
38:32 Imperial Age
37:05 Leather Archer Armor
37:44 Fortified Wall
40:56 Halberdier
41:59 Chain Mail Armor
42:06 Chain Barding Armor
42:25 Cavalier
46:55 Plate Barding Armor
46:52 Plate Mail Armor
49:01 Keep
58:22 Elite Skirmisher
62:51 Iron Casting
65:16 Squires
70:31 Elite Skirmisher
Jotakargo
4:55 Loom
12:12 Feudal Age
12:54 Double-Bit Axe
18:58 Wheelbarrow
17:59 Man-at-Arms
18:25 Arson
19:56 Bloodlines
20:19 Horse Collar
24:39 Castle Age
22:25 Town Watch
23:40 Arson
24:01 Scale Mail Armor
25:40 Stone Mining
25:43 Gold Mining
26:39 Town Patrol
26:47 Long Swordsman
28:55 Fervor
29:12 Husbandry
31:31 Hand Cart
32:16 Pikeman
32:19 Crossbowman
32:19 Elite Skirmisher
33:05 Thumb Ring
33:28 Light Cavalry
35:05 Heavy Plow
38:43 Imperial Age
37:35 Bow Saw
38:44 Gold Shaft Mining
40:26 Treadmill Crane
41:57 Capped Ram
43:25 Crop Rotation
43:23 Onager
45:29 Corvinian Army
45:32 Recurve Bow
47:33 Chemistry
46:25 Guard Tower
46:46 Masonry
49:07 Two-Handed Swordsman
49:55 Scale Barding Armor
49:51 Padded Archer Armor
52:03 Two-Man Saw
50:44 Heavy Scorpion
60:33 Chain Mail Armor
60:40 Chain Barding Armor
61:27 Champion
62:47 Elite Magyar Huszar
74:21 Murder Holes
78:39 Spies/Treason
Connection lost

Rejoining the realm…

Still unreachable

The connection could not be restored.

Session expired

The server has moved on; the page needs a fresh start.